 Dungeon Crawl Stone Soup version 0.24.0-7-gb3623d2c88 (webtiles) character file.

Game seed: 12090947563994024365, levelgen mode: deterministic

6162 Furryfag69 the Basher (level 10, -10/117 HPs)
             Began as a Minotaur Berserker on Nov 2, 2019.
             Was a High Priest of Trog.
             Mangled by an orc warrior
             ... wielding a +0 halberd
              (12 damage)
             ... on level 11 of the Dungeon.
             The game lasted 00:34:27 (10031 turns).

Furryfag69 the Basher (Minotaur Berserker)         Turns: 10031, Time: 00:34:27

Health: -10/117    AC:  2    Str: 28    XL:     10   Next: 60%
Magic:  9/9        EV: 15    Int:  4    God:    Trog [*****.]
Gold:   582        SH:  0    Dex: 12    Spells: 9/9 levels left

rFire    + . .     SeeInvis .   t - +2 whip (flame)
rCold    + . .     Gourm    +   (no shield)
rNeg     . . .     Faith    .   E - +1 leather armour {rC+}
rPois    +         Spirit   .   (helmet restricted)
rElec    .         Reflect  .   C - +0 cloak
rCorr    .         Harm     .   (no gloves)
MR       .....                  q - +0 pair of boots
Stlth    ..........             e - amulet of the gourmand
HPRegen  0.29/turn              a - ring of poison resistance
MPRegen  0.11/turn              w - ring of protection from fire

@: berserking (expiring), corroded, very quick
A: retaliatory headbutt, horns 2
a: Berserk, Trog's Hand, Brothers in Arms, Renounce Religion


You were on level 11 of the Dungeon.
You worshipped Trog.
Trog was extremely pleased with you.
You were not hungry.

You visited 1 branch of the dungeon, and saw 11 of its levels.

You collected 582 gold pieces.

Inventory:

Hand Weapons
 t - a +2 whip of flaming (weapon)
Armour
 q - a +0 pair of boots (worn)
 C - a +0 cloak (worn)
 E - a +1 leather armour of cold resistance (worn)
Jewellery
 a - a ring of poison resistance (left hand)
 e - an amulet of the gourmand (around neck)
 w - a ring of protection from fire (right hand)
Wands
 b - a wand of paralysis (11)
 g - a wand of random effects (34)
 o - a wand of digging (5)
 u - a wand of disintegration (7)
 B - a wand of flame (12)
Scrolls
 k - 2 scrolls of enchant armour
 m - 3 scrolls of immolation
 p - 5 scrolls of remove curse
 s - 4 scrolls of fog
 x - a scroll of summoning
 y - 2 scrolls of fear
 z - a scroll of teleportation
 A - a scroll of magic mapping
 D - a scroll of silence {unknown}
Potions
 d - 2 potions of ambrosia
 h - a potion of flight
 i - 2 potions of might
 j - a potion of lignification {unknown}
 l - 2 potions of mutation {unknown}
 n - 3 potions of haste {unknown}
 r - 4 potions of curing
 v - 2 potions of berserk rage {unknown}
Comestibles
 c - 10 rations


   Skills:
 - Level 3.9 Fighting
 * Level 14.4 Maces & Flails
 - Level 2.5 Armour
 + Level 7.5 Dodging
 + Level 7.0 Stealth
 + Level 0.1 Evocations


You had 9 spell levels left.
You didn't know any spells.
Your spell library was empty.

Dungeon Overview and Level Annotations

Branches:
Dungeon (11/15)            Temple (0/1) D:7            Lair (0/6) D:8
    Orc: D:9-12

Altars:
Dithmenos
Elyvilon
Kikubaaqudgha
Nemelex Xobeh
Uskayaw
Vehumet
The Shining One

Shops:
D:10 !

Annotations:
D:4 1 runed translucent door
D:6 2 transporters, night's ghost, novice GrTm


Innate Abilities, Weirdness & Mutations

You reflexively headbutt those who attack you in melee.
You have a pair of horns on your head.


Message History

You hit the acid dragon but do no damage.
You headbutt the acid dragon.
You kill the acid dragon!
Trog accepts your kill.
Your Stealth skill increases to level 7!
The orc warrior hits you from afar with a +0 halberd.
* * * LOW HITPOINT WARNING * * *
The orc completely misses you. You furiously retaliate!
You headbutt the orc!
You kill the orc!
Trog accepts your kill.
Things that are here:
a +0 dagger; a +0 robe; an acid dragon corpse You feel a strong urge to attack something.
The orc warrior hits you with a +0 halberd!!
* * * LOW HITPOINT WARNING * * *
Items here: )) [[ a +0 club; a +0 ring mail; a +0 short sword; a +0 ring mail You closely miss the orc warrior.
The orc warrior hits you with a +0 halberd!
You die...

### #.. #.# # #
######.##.# .##
###........
...# #........#
..... #.
#@.##......
#.###)o.......#
..##)##.......
# #.##.#
.......
#.##.##.#
.......
#.......#
.......
####)####
.......
#......#
..o....
#.#[##.#
.......


You could see an orc warrior.

Vanquished Creatures
  A two-headed ogre (D:10)
  Pikel (D:4)
  Grinder (D:6)
  A troll (D:9)
  A yak (D:10)
  2 hungry ghosts (D:10)
  Grum (D:10)
  An acid dragon (D:11)
  Edmund (D:4)
  2 black bears
  An orc warrior (D:10)
  A slave (D:4)
  4 ice beasts
  2 phantoms
  3 wolves (D:10)
  2 centaurs
  2 big kobolds
  A crocodile (D:9)
  4 bullfrogs
  2 scorpions
  2 wyvern skeletons
  2 water moccasin skeletons
  4 killer bees (D:8)
  5 wights (D:7)
  A howler monkey (D:10)
  3 crimson imps
  A quasit (D:10)
  A centaur zombie (D:8)
  6 jellies
  3 centaur skeletons
  2 bullfrog skeletons
  A gnoll shaman (D:6)
  2 orc priests
  A hound (D:6)
  2 iguanas
  5 orc wizards
  4 worker ants
  A hound zombie (D:5)
  2 hound skeletons
  7 gnolls
  10 adders
  3 shadow imps
  6 oozes
  An adder skeleton (D:5)
  3 worms
  3 leopard geckos
  28 orcs
  2 ball pythons (D:1)
  2 giant cockroaches
  6 goblins
  6 hobgoblins
  5 jackals
  20 kobolds
  A quokka (D:7)
  7 bats
  3 frilled lizards
  A leopard gecko skeleton (D:5)
  4 rats
200 creatures vanquished.

Vanquished Creatures (others)
  Sigmund (D:4)
  A centaur (D:4)
  2 jackals (D:4)
4 creatures vanquished.

Grand Total: 204 creatures vanquished

Notes
Turn   | Place    | Note
-------+----------+-------------------------------------------
     0 | D:1      | Furryfag69 the Minotaur Berserker began the quest for the
                  | Orb.
     0 | D:1      | Reached XP level 1. HP: 19/19 MP: 0/0
    59 | D:1      | Reached XP level 2. HP: 25/27 MP: 1/1
    91 | D:1      | Reached skill level 4 in Maces & Flails
   358 | D:1      | Reached ** piety under Trog
   373 | D:1      | Reached XP level 3. HP: 30/33 MP: 2/2
   678 | D:2      | Reached skill level 5 in Maces & Flails
  1216 | D:2      | Found a white marble altar of Elyvilon.
  1569 | D:3      | Reached XP level 4. HP: 8/40 MP: 3/3
  1784 | D:3      | Reached skill level 6 in Maces & Flails
  2465 | D:3      | Reached XP level 5. HP: 44/46 MP: 4/4
  2471 | D:3      | Found a faded altar of an unknown god.
  2587 | D:4      | Noticed a slave
  2588 | D:4      | Noticed Pikel
  2588 | D:4      | Noticed a slave
  2589 | D:4      | Noticed a slave
  2589 | D:4      | Noticed a slave
  2589 | D:4      | Noticed Edmund
  2605 | D:4      | Killed Pikel
  2605 | D:4      | Reached skill level 9 in Maces & Flails
  2605 | D:4      | Reached skill level 1 in Stealth
  2605 | D:4      | Reached XP level 6. HP: 52/52 MP: 5/5
  2605 | D:4      | Reached XP level 7. HP: 58/58 MP: 6/6
  2841 | D:4      | Killed Edmund
  2878 | D:4      | Killed Sigmund
  2903 | D:4      | Found a hide-covered altar of Uskayaw.
  2905 | D:4      | Noticed a +3 hand axe
  2905 | D:4      | Noticed a +0 dagger
  2946 | D:4      | Found a white marble altar of Elyvilon.
  2947 | D:4      | Found a runed translucent door.
  2947 | D:4      | Noticed an angel
  3382 | D:5      | Entered Level 5 of the Dungeon
  3442 | D:6      | Reached skill level 10 in Maces & Flails
  3565 | D:5      | Reached *** piety under Trog
  3828 | D:5      | Reached XP level 8. HP: 55/66 MP: 7/7
  4334 | D:6      | Found an ancient bone altar of Kikubaaqudgha.
  4409 | D:6      | Found a transporter.
  4469 | D:6      | Noticed Grinder
  4471 | D:6      | Paralysed by Grinder for 7 turns
  4491 | D:6      | Paralysed by Grinder for 4 turns
  4498 | D:6      | Killed Grinder
  4498 | D:6      | Reached skill level 11 in Maces & Flails
  4688 | D:6      | Found a transporter.
  4713 | D:6      | Noticed night's ghost (novice GrTm)
  5118 | D:6      | Found a radiant altar of Vehumet.
  5436 | D:7      | Found a staircase to the Ecumenical Temple.
  5705 | D:7      | Reached skill level 12 in Maces & Flails
  5837 | D:7      | Reached skill level 5 in Dodging
  5863 | D:7      | Reached XP level 9. HP: 54/71 MP: 8/8
  5957 | D:7      | Reached **** piety under Trog
  6265 | D:7      | Found a shadowy altar of Dithmenos.
  6474 | D:8      | Found a glowing golden altar of the Shining One.
  7323 | D:8      | Found a staircase to the Lair.
  7826 | D:9      | HP: 4/106 [orc/+1 short sword of electrocution (10)]
  7830 | D:9      | Reached skill level 13 in Maces & Flails
  7830 | D:9      | Reached skill level 5 in Stealth
  8257 | D:9      | Noticed a troll
  8263 | D:9      | Killed a troll
  8439 | D:9      | Found a sparkling altar of Nemelex Xobeh.
  8529 | D:10     | Entered Level 10 of the Dungeon
  8589 | D:10     | Noticed a two-headed ogre
  8597 | D:10     | Killed a two-headed ogre
  8597 | D:10     | Reached XP level 10. HP: 37/78 MP: 9/9
  8935 | D:10     | Reached skill level 14 in Maces & Flails
  9041 | D:10     | Reached ***** piety under Trog
  9147 | D:10     | Found Ximpisim's Distillery.
  9148 | D:10     | Noticed Grum
  9200 | D:10     | Killed Grum
 10029 | D:11     | HP: 2/117 [orc warrior/+0 halberd (28)]
 10031 | D:11     | Mangled by an orc warrior

Levels and vault maps discovered:
D:1:      lemuel_arrival_behind_the_door_large, layout_loops_ring
D:2:      layout_basic, lemuel_coloured_pillars_altar, st_stairs_7,
          minmay_misc_feat_encased
D:3:      layout_loops_ring, chequers_ecumenical_altar_simple
D:4:      layout_basic, dancing_weapons_uskayaw, lemuel_angel_altar,
          uniq_edmund, uniq_sigmund, uniq_pikel
D:5:      layout_rooms, first_ration
D:6:      layout_loops_ring, nicolae_overflow_crystal_walls, lemuel_round_altar,
          gammafunk_ghost_hive, serial_glass, glass_columns_c, glass_columns_a,
          glass_columns_a, glass_columns_c, glass_columns_b, glass_columns_c,
          glass_columns_a, glass_columns_b, due_unseen_surprise,
          feat_on_display, item_on_display_a, minmay_strange_pillars,
          minivault_10, uniq_grinder
D:7:      layout_loops_corners, kennysheep_mini_moat, temple_green
D:8:      layout_rooms, marbit_many_paths, dpeg_oklobed_lair,
          hangedman_little_slice_of_home
D:9:      layout_roguey, nicolae_overflow_hidden_temple, kennysheep_mini,
          minmay_misc_feat_secret_circle, nrook_loot_triangle, wad_dig_loot
D:10:     layout_layer_cave, serial_shops, shop, minmay_fractal_squares_5,
          uniq_grum
D:11:     minmay_angry_zag, layout_loops_cross,
          kennysheep_orc_monster_closet_entryway

Skill      XL: |  1  2  3  4  5  6  7  8  9 10 |
---------------+-------------------------------+-----
Maces & Flails | 4 5 6 9 10 12 13 14 | 14.4
Dodging        | 3 5 6 7 |  7.5
Stealth        | 1 2 3 5 7 |  7.0
Fighting       | |  3.9
Armour         | |  2.5
Evocations     | |  0.1

Action                   |  1- 3 |  4- 6 |  7- 9 | 10-12 || total
-------------------------+-------+-------+-------+-------++-------
Melee: Mace              |    61 |    38 |       |       ||    99
       Headbutt          |     9 |     5 |    71 |    34 ||   119
       Whip              |       |       |   325 |   173 ||   498
Invok: Berserk           |       |     1 |     7 |     1 ||     9
Evoke: Wand              |       |       |     1 |       ||     1
  Use: Scroll            |     7 |     2 |    15 |     3 ||    27
       Potion            |       |     1 |     1 |     2 ||     4
 Stab: Sleeping          |       |     1 |    13 |     2 ||    16
       Distracted        |       |       |     1 |       ||     1
  Eat: Ration            |     1 |     1 |     3 |       ||     5
       Chunk             |       |       |    18 |    10 ||    28
Armor: Animal skin       |     9 |     5 |    19 |       ||    33
       Leather armour    |       |       |     5 |    25 ||    30
Dodge: Dodged            |    35 |    22 |   135 |    79 ||   271
